 Dungeon Crawl Stone Soup version 0.31-a0-145-g046c7d2549 (webtiles) character file.

Game seed: 15415726452052458788

91 hikkokomori the Digger (level 4, -1/55 HPs)
             Began as a Demigod Earth Elementalist on June 7, 2023.
             Slain by a gnoll
             ... wielding a +0 club
             ... led by a gnoll bouda
              (4 damage)
             ... on level 2 of the Dungeon.
             The game lasted 00:01:49 (1279 turns).

hikkokomori the Digger (Demigod Earth Elementalist) Turns: 1279, Time: 00:01:50

Health: -1/55      AC: 22    Str:  9    XL:     4   Next: 12%
Magic:  0/9        EV:  2    Int: 21    God:
Gold:   24         SH:  0    Dex: 14    Spells: 5/6 levels left

rFire   . . .        d - +2 dagger (venom)
rCold   . . .        (no shield)
rNeg    . . .        a - melded +0 robe
rPois   +            (helmet currently unavailable)
rElec   .            (cloak currently unavailable)
rCorr   .            (gloves currently unavailable)
SInv    .            (boots currently unavailable)
Will    .....        (no amulet)
Stlth   ++           (no ring)
HPRegen 0.29/turn    (no ring)
MPRegen 0.11/turn

%: no passive effects
@: tree-form
A: stationary, stasis, torment immunity, boosted hp, high MP 1, forlorn, divine
attributes, deterioration 1
a: no special abilities


You were on level 2 of the Dungeon.
You were a tree.
You visited 1 branch of the dungeon, and saw 2 of its levels.

You collected 24 gold pieces.

Inventory:

Hand Weapons
 c - a +0 short sword
 d - a +2 dagger of venom (weapon)
Armour
 a - a +0 robe (melded)
Scrolls
 e - 2 scrolls of amnesia {unknown}
 h - a scroll of fear {unknown}
 i - a scroll of vulnerability {unknown}
Potions
 b - a potion of magic
 f - 3 potions of lignification


   Skills:
 + Level 2.4 Fighting
 - Level 1.7 Dodging
 - Level 1.7 Stealth
 - Level 1.7 Spellcasting
 - Level 0.8 Transmutations
 + Level 3.8 Earth Magic


You had 5 spell levels left.
You knew the following spells:

 Your Spells              Type           Power      Damage    Failure   Level
a - Sandblast             Erth           36%        2d10      3%          1

Your spell library contained the following spells:

 Spells                   Type           Power      Damage    Failure   Level
 Passwall                 Tmut/Erth      9%         N/A       9%          2
 Magic Dart               Conj           4%         1d3       16%         1
 Slow                     Hex            4%         N/A       16%         1
 Stone Arrow              Conj/Erth      18%        3d8       21%         3
 Searing Ray              Conj           2%         2d4       22%         2
 Confusing Touch          Hex            1%         N/A       41%         3
 Vampiric Draining        Necr           1%         2d6       41%         3
 Petrify                  Tmut/Erth      11%        N/A       50%         4
 Fulminant Prism          Conj/Hex       0%         3d5       83%         4


Dungeon Overview and Level Annotations

Branches:
Dungeon (2/15)


Innate Abilities, Weirdness & Mutations

You are a tree.
Your roots penetrate the ground, keeping you stationary.
You cannot be teleported.
You are immune to unholy pain and torment.
Your maximum health is greatly increased.
Your equipment is partially melded.
You have an increased reservoir of magic. (+10% MP)
You shall have no god before yourself.
Your divine heritage dramatically boosts your attributes as you level up.
Your body sometimes deteriorates upon taking damage.


Message History

You hit the gnoll.
The gnoll is poisoned.
The gnoll is almost dead.
The gnoll hits you with a +0 whip.
* * * LOW HITPOINT WARNING * * *
Unknown command.
You barely miss the gnoll.
The gnoll is almost dead.
The gnoll barely misses you.
Unknown command.
It was a potion of mutation.
You feel extremely strange.
You feel yourself wasting away. The gnoll barely misses you.
Casting: Sandblast (safe; 3% risk of failure)
Confirm with . or Enter, or press ? or * to list all spells.
Aiming: Sandblast (safe; 3% risk of failure)
Press: ? - help, Shift-Dir - straight line, f/p - gnoll
Aim: a gnoll, wielding a +0 whip and quivering a throwing net (almost dead, covering ground quickly, very poisoned, 84% to hit)
The blast of sand hits the gnoll!
You kill the gnoll!
Unknown command.
Unknown command.
You hit the gnoll.
The gnoll is moderately wounded.
The gnoll hits you but does no damage.
Unknown command.
You hit the gnoll but do no damage.
The gnoll is moderately wounded.
The gnoll hits you with a +0 club.
* * * LOW HITPOINT WARNING * * *
You hit the gnoll.
The gnoll is poisoned.
The gnoll is moderately wounded.
Your attacks no longer feel as feeble.
The gnoll hits you but does no damage.
You hit the gnoll.
The gnoll looks as sick as possible!
The gnoll is heavily wounded.
The gnoll is no longer moving quickly.
The gnoll hits you but does no damage.
You completely miss the gnoll.
The gnoll is severely wounded.
The gnoll hits you with a +0 club.
You die...

##...#. #.# .# #..#... #.# .#
#....## #.# .# #.#.## #.# .#
#.#.# # ###.###.# #.#.# ##.
#..... .#.######.#.### .
...g###.#$###.#.#...........
.........#..g♣........)..#####
... .###.#.##.#..............
..#. ..#.#.....#.#.####.#####
r.... #.#g#######.#.# #.#
#....#.#g#######.#.####.#
#..).................#
#............####..######
#####..#.###.####..#
#..#...........#


You could see a gnoll (extremely poisoned).

Vanquished Creatures
  A gnoll bouda (D:2)
  3 gnolls (D:2)
  A worm (D:2)
  A dart slug (D:2)
  3 ball pythons
  3 endoplasms
  A giant cockroach (D:1)
  3 goblins
  4 hobgoblins
  4 frilled lizards (D:1)
  4 kobolds
  3 rats
31 creatures vanquished.

Notes
Turn   | Place    | Note
-------+----------+-------------------------------------------
     0 | D:1      | hikkokomori the Demigod Earth Elementalist began the quest
                  | for the Orb.
     0 | D:1      | Reached XP level 1. HP: 14/14 MP: 5/5
   257 | D:1      | Reached skill level 3 in Earth Magic
   274 | D:1      | Reached skill level 1 in Fighting
   295 | D:1      | Reached XP level 2. HP: 23/23 MP: 4/7
  1197 | D:2      | Reached XP level 3. HP: 29/29 MP: 4/8
  1269 | D:2      | Reached XP level 4. HP: 3/37 MP: 1/9
  1271 | D:2      | HP: 2/55 [gnoll/+0 whip[a gnoll bouda] (3)]
  1273 | D:2      | Gained mutation: Your body sometimes deteriorates upon
                  | taking damage. [potion of mutation]
  1276 | D:2      | HP: 2/55 [gnoll/+0 club[a gnoll bouda] (2)]
  1279 | D:2      | Slain by a gnoll

Illustrated notes

Levels and vault maps discovered:
D:1:      dpeg_arrival_simpleton_c, layout_basic,
          shapermc_ecumenical_altar_mp_vishouse
D:2:      layout_loops_ring

Skill      XL: |  1  2  3 |
---------------+----------+-----
Earth Magic    | 3 |  3.8
Fighting       | 1 2 |  2.4
Dodging        | |  1.7
Stealth        | |  1.7
Spellcasting   | |  1.7
Transmutations | |  0.8

Action                     |  1- 3 |  4- 6 || total
---------------------------+-------+-------++-------
  Melee: Dagger            |       |     7 ||     7
   Cast: Sandblast         |    51 |     2 ||    53
    Use: Potion            |       |     2 ||     2
 Armour: Robe              |     4 |       ||     4
         Skin              |       |     5 ||     5
  Dodge: Dodged            |    10 |     2 ||    12

Table legend: (Time is in decaauts)
 A = Elapsed time spent in this place.
 B = Non-inter-level travel time spent in this place.
 C = Inter-level travel time spent in this place.
 D = Time resting spent in this place.
 E = Time spent auto-exploring this place.
 F = Levels seen in this place.
 G = Mean time per level.
                   A        B        C        D        E       F      G
               +--------+--------+--------+--------+--------+-----+--------+
         Total |   1304 |   1250 |     54 |      5 |   1053 |   2 |  652.0 |
       Dungeon |   1304 |   1250 |     54 |      5 |   1053 |   2 |  652.0 |
               +--------+--------+--------+--------+--------+-----+--------+

Top non-repeatable levels by time:
     D:1: 901 daAuts
     D:2: 402 daAuts
